 Dungeon Crawl Stone Soup version 0.30-a0-715-gdb4ae3e (webtiles) character file.

Game seed: 5028522170702579416

2653 Illumine the Grappler (level 9, -5/88 HPs)
             Began as a Troll Cinder Acolyte on Jan 24, 2023.
             Was a High Priest of Ignis.
             Killed by divine providence
             ... invoked by an orc priest
              (10 damage)
             ... on level 7 of the Dungeon.
             The game lasted 00:06:19 (4332 turns).

Illumine the Grappler (Troll Cinder Acolyte)        Turns: 4332, Time: 00:06:20

Health: -5/88      AC: 16    Str: 28    XL:     9   Next: 36%
Magic:  0/9        EV: 15    Int: 10    God:    Ignis [*****.]
Gold:   313        SH:  0    Dex:  5    Spells: 10/10 levels left

rFire   + . .      SeeInvis +      - Unarmed
rCold   . . .      Faith    .    (no shield)
rNeg    . . .      Spirit   +    G - +0 steam dragon scales
rPois   .          Reflect  .    (helmet restricted)
rElec   .          Harm     .    w - +1 cloak
rCorr   .          Rampage  .    (gloves unavailable)
Will    .....                    (boots unavailable)
Stlth   +                        s - amulet of guardian spirit
HPRegen 1.14/turn                q - +5 ring of evasion
MPRegen 0.11/turn                H - ring of see invisible

@: fiery-armoured
A: large, unfitting armour, claws 3, regeneration 1, shaggy fur 1, tough skin 1
a: Renounce Religion, Fiery Armour, Foxfire Swarm, Rising Flame


You were on level 7 of the Dungeon.
You worshipped Ignis.
Ignis was extremely pleased with you.
You visited 1 branch of the dungeon, and saw 7 of its levels.

You collected 337 gold pieces.
You spent 24 gold pieces at shops.

Inventory:

Hand Weapons
 a - a -1 falchion of flaming
Missiles
 I - a large rock (quivered)
Armour
 b - a +0 robe
 w - a +1 cloak (worn)
 G - +0 steam dragon scales (worn)
Jewellery
 q - a +5 ring of evasion (left claw)
 s - an amulet of guardian spirit (around neck)
 D - a ring of wizardry
 H - a ring of see invisible (right claw)
Wands
 n - a wand of roots (7)
 x - a wand of polymorph (2)
 y - a wand of charming (7)
Scrolls
 e - 2 scrolls of enchant weapon
 f - 4 scrolls of teleportation
 g - 3 scrolls of amnesia
 h - 2 scrolls of immolation
 j - 3 scrolls of blinking
 l - 3 scrolls of vulnerability
 o - a scroll of magic mapping {unknown}
 u - a scroll of acquirement {unknown}
 v - a scroll of fear {unknown}
 z - a scroll of summoning {unknown}
 B - 3 scrolls of enchant armour
 C - a scroll of torment {unknown}
 F - a scroll of fog {unknown}
Potions
 c - 4 potions of flight
 d - 3 potions of ambrosia
 i - a potion of cancellation
 k - a potion of resistance {unknown}
 m - 3 potions of heal wounds
 p - a potion of haste
 r - 3 potions of curing {unknown}
 t - 2 potions of mutation {unknown}
 A - a potion of degeneration {unknown}
 J - a potion of lignification {unknown}


   Skills:
 + Level 5.6 Fighting
 - Level 2.4 Long Blades
 + Level 4.9 Dodging
 * Level 8.6 Unarmed Combat
 - Level 1.0 Spellcasting
 - Level 2.1 Fire Magic
 + Level 2.6 Evocations


You had 10 spell levels left.
You didn't know any spells.
Your spell library contained the following spells:

 Spells                   Type           Power      Damage    Failure   Level
 Scorch                   Fire           8%         2d5       22%         2
 Sting                    Tmut/Pois      0%         1d3       34%         1
 Poisonous Vapours        Pois/Air       0%         N/A       45%         2
 Static Discharge         Conj/Air       0%         2-2/arc   45%         2
 Inner Flame              Hex/Fire       2%         N/A       54%         3
 Stone Arrow              Conj/Erth      0%         3d7       71%         3
 Vhi's Electric Charge    Tloc/Air       0%         N/A       71%         3
 Flame Wave               Conj/Fire      2%         2d4       91%         4
 Sticky Flame             Conj/Fire      2%         2d3       91%         4
 Animate Armour           Summ/Erth      0%         N/A       98%         4
 Olgreb's Toxic Radiance  Pois           0%         N/A       98%         4
 Arcjolt                  Conj/Air       0%         1d10      100%        5
 Lightning Bolt           Conj/Air       0%         1d11      100%        5
 Lehudib's Crystal Spear  Conj/Erth      0%         10d2      100%        8


Dungeon Overview and Level Annotations

Branches:
Dungeon (7/15)
 Temple: D:4-7

Altars:
Hepliaklqana

Shops:
D:2 ?

Annotations:
D:5 2 transporters, Geeful's ghost, novice OpVM


Innate Abilities, Weirdness & Mutations

You are too large for most types of armour.
You have claws for hands.
Your natural rate of healing is unusually fast.
You are covered in fur. (AC +1)
You have tough skin. (AC +1)


Message History

You barely miss Maggie.
Maggie is almost dead.
The orc priest invokes the aid of Beogh against you.
Beogh smites you!
Maggie gestures wildly while chanting.
Maggie attempts to bespell you! You resist.
You scratch Maggie.
Maggie is almost dead.
The orc priest mumbles some strange prayers to Beogh against you.
Beogh smites you!
* * * LOW HITPOINT WARNING * * *
Maggie misses you.
Okay, then.
Aiming: Fastroot
Press: ? - help, Shift-Dir - straight line, f/p - Maggie
Aim: Maggie, wielding a +0 long sword of electrocution and wearing +0 acid dragon scales (almost dead)
The roots erupt in riotous growth!
Roots grab Maggie.
Roots grab the ice beast.
The grasping roots constrict Maggie, but do no damage.
The grasping roots constrict the ice beast!
Maggie mumbles some strange words.
Maggie attempts to bespell you!
You are mesmerised by Maggie!
Unknown command.
You claw Maggie!
You break out of your daze!
You kill Maggie!
The grasping roots constrict the ice beast.
The ice beast struggles to escape constriction.
The grasping roots constrict the ice beast!
The roots release their grip on the ice beast.
The orc priest calls down the wrath of Beogh upon you.
Beogh smites you!
* * * LOW HITPOINT WARNING * * *
The orc priest mumbles some strange prayers to Beogh against you.
Beogh smites you!
* * * LOW HITPOINT WARNING * * *
The orc priest calls down the wrath of Beogh upon you.
Beogh smites you!
You die...

#.........#.))))..#
..#.
#..........########
# .#. ##....)...##
.. #o. .........##
... .. ####....##
.... #. ####.#
.....#.## #.#
.......o#######.#
...(..>(oco.Y.@.#
.....############
##.


You could see an ice beast, a centaur, 2 orc priests and an orc.

Vanquished Creatures
  A cyclops (D:7)
  A gargoyle (D:7)
  Maggie (D:7)
  Grinder (D:4)
  Eustachio (D:6)
  A steam dragon (D:6)
  A water moccasin (D:5)
  An orc warrior (D:7)
  A black bear (D:5)
  A kobold brigand (D:7)
  A necrophage (D:5)
  5 scorpions
  3 jellies
  Crazy Yiuf (D:5)
  An orc priest (D:7)
  4 hounds
  A gnoll bouda (D:6)
  An iguana (D:4)
  4 orc wizards
  4 gnolls (D:6)
  4 adders
  A white imp (D:7)
  2 worms (D:2)
  4 dart slugs
  12 orcs
  6 bats
  7 endoplasms
  3 giant cockroaches
  5 goblins
  8 hobgoblins
  4 jackals (D:1)
  4 quokkas
  5 ball pythons
  4 frilled lizards (D:1)
  9 kobolds
  12 rats
125 creatures vanquished.

Notes
Turn   | Place    | Note
-------+----------+-------------------------------------------
     0 | D:1      | Illumine the Troll Cinder Acolyte began the quest for the
                  | Orb.
     0 | D:1      | Reached XP level 1. HP: 22/22 MP: 1/1
   134 | D:1      | Reached skill level 1 in Unarmed Combat
   153 | D:1      | Reached XP level 2. HP: 28/29 MP: 2/2
   427 | D:1      | Reached XP level 3. HP: 34/36 MP: 3/3
   551 | D:1      | Reached skill level 1 in Dodging
   551 | D:1      | Reached skill level 2 in Unarmed Combat
   911 | D:2      | Found Pukom's Magic Scroll Emporium.
   920 | D:2      | Bought a scroll of identify for 24 gold pieces
   934 | D:2      | Reached XP level 4. HP: 44/44 MP: 4/4
  1714 | D:4      | Noticed Grinder
  1715 | D:4      | Paralysed by Grinder for 2 turns
  1726 | D:4      | Killed Grinder
  1727 | D:4      | Reached skill level 4 in Unarmed Combat
  1727 | D:4      | Reached XP level 5. HP: 46/53 MP: 5/5
  1727 | D:4      | Reached XP level 6. HP: 53/61 MP: 6/6
  2330 | D:5      | Entered Level 5 of the Dungeon
  2352 | D:5      | Reached skill level 5 in Unarmed Combat
  2352 | D:5      | Reached XP level 7. HP: 34/68 MP: 3/7
  2415 | D:5      | Found a hazy altar of Hepliaklqana.
  2800 | D:5      | Found a runed translucent door.
  2801 | D:5      | Noticed Crazy Yiuf
  2904 | D:5      | Reached skill level 6 in Unarmed Combat
  2921 | D:5      | Noticed Geeful's ghost (novice OpVM)
  2924 | D:5      | Identified the +3 great mace "Jaiximm" {heavy, Fly Int+2
                  | Dex+3}
  2925 | D:5      | Found a transporter.
  2944 | D:5      | Found a transporter.
  3136 | D:5      | Killed Crazy Yiuf
  3206 | D:6      | Reached XP level 8. HP: 79/79 MP: 8/8
  3600 | D:6      | Noticed Eustachio
  3624 | D:6      | Killed Eustachio
  3764 | D:6      | Reached skill level 7 in Unarmed Combat
  3764 | D:6      | Reached skill level 1 in Evocations
  3970 | D:7      | Reached skill level 5 in Fighting
  4113 | D:7      | Noticed a cyclops
  4123 | D:7      | Killed a cyclops
  4124 | D:7      | Reached XP level 9. HP: 67/88 MP: 6/9
  4200 | D:7      | Noticed a gargoyle
  4212 | D:7      | Killed a gargoyle
  4213 | D:7      | Reached skill level 8 in Unarmed Combat
  4305 | D:7      | Noticed Maggie
  4328 | D:7      | Killed Maggie
  4330 | D:7      | HP: 2/88 [orc priest/divine providence (10)]
  4332 | D:7      | Killed from afar by an orc priest

Illustrated notes

Levels and vault maps discovered:
D:1:      giann_wishing_wells, layout_rooms
D:2:      layout_basic, serial_shops, nicolae_lakefront_shop
D:3:      layout_rooms
D:4:      layout_loops_cross, uniq_grinder
D:5:      layout_loops_cross, mainiacjoe_overflow_six_doors_small,
          gammafunk_ghost_smash, minmay_misc_feat_rugged,
          uniq_crazy_yiuf_cottage
D:6:      layout_basic, uniq_eustachio
D:7:      layout_loops_ring, minmay_temple_entry_mini_moons, uniq_maggie

Skill      XL: |  1  2  3  4  5  6  7  8  9 |
---------------+----------------------------+-----
Unarmed Combat | 1 2 4 5 6 7 8 |  8.6
Dodging        | 1 2 3 4 |  4.9
Fighting       | 3 4 5 |  5.6
Evocations     | 2 |  2.6
Long Blades    | |  2.4
Spellcasting   | |  1.0
Fire Magic     | |  2.1

Action                     |  1- 3 |  4- 6 |  7- 9 || total
---------------------------+-------+-------+-------++-------
  Melee: Falchion          |    17 |       |       ||    17
         Unarmed           |   116 |    83 |   168 ||   367
         Punch             |     3 |     2 |     7 ||    12
  Throw: Large rock        |       |       |     2 ||     2
 Invoke: Fiery Armour      |       |     1 |     1 ||     2
  Evoke: Wand              |       |       |     2 ||     2
    Use: Scroll            |     3 |       |     8 ||    11
 Armour: Robe              |    51 |    34 |    21 ||   106
         Steam dragon scal |       |       |    18 ||    18
  Dodge: Dodged            |    60 |    33 |   106 ||   199

Table legend: (Time is in decaauts)
 A = Elapsed time spent in this place.
 B = Non-inter-level travel time spent in this place.
 C = Inter-level travel time spent in this place.
 D = Time resting spent in this place.
 E = Time spent auto-exploring this place.
 F = Levels seen in this place.
 G = Mean time per level.
                   A        B        C        D        E       F      G
               +--------+--------+--------+--------+--------+-----+--------+
         Total |   4304 |   4201 |    103 |     63 |   3247 |   7 |  614.9 |
       Dungeon |   4304 |   4201 |    103 |     63 |   3247 |   7 |  614.9 |
               +--------+--------+--------+--------+--------+-----+--------+

Top non-repeatable levels by time:
     D:5: 824 daAuts
     D:6: 776 daAuts
     D:2: 677 daAuts
     D:4: 612 daAuts
     D:1: 584 daAuts
     D:3: 450 daAuts
     D:7: 379 daAuts
